Map: [ESL] Hard Lead

Players

Dark

  • Race: Zerg Zerg
  • Spawn Location: 11:00

ShoWTimE - Winner!

  • Race: Protoss Protoss
  • League: Diamond
  • Spawn Location: 5:00

Event: IEM Katowice 2024

VOD

Have the link to the VOD?

Description

Time

  • Played on: Feb. 8, 2024, 3:42 p.m.
  • Length: 17:25

All games in this series

Show
View Real Time Build Order
Export as new Build Order

Dark Zerg 

Build Orders: Hatch First, Lurkers 

Get SALT Encoding   

  12  0:00  Drone  
  13  0:13  Overlord  
  13  0:17  Drone  
  14  0:31  Drone x2  
  16  0:51  Hatchery  
  16  0:53  Drone  
  16  0:55  Drone  
  17  0:59  Drone  
  18  1:11  Extractor  
  17  1:14  Spawning Pool  
  17  1:18  Drone  
  17  1:21  Drone  
  18  1:31  Drone  
  19  1:40  Drone  
  20  1:51  Overlord  
  20  2:02  Queen x2  
  20  2:03  Zergling x4  
  26  2:12  Drone  
  26  2:13  Drone  
  28  2:16  Metabolic Boost  
  28  2:23  Drone  
  29  2:30  Drone  
  30  2:39  Hatchery  
  29  2:46  Drone  
  29  2:47  Zergling x2  
  29  2:51  Queen  
  31  2:55  Overlord  
  33  3:00  Zergling x2  
  33  3:01  Zergling x2  
  33  3:04  Zergling x2  
  35  3:13  Drone x2  
  35  3:14  Drone x2  
  35  3:15  Drone  
  40  3:21  Queen  
  42  3:29  Queen  
  42  3:32  Overlord  
  44  3:50  Drone x8  
  44  3:51  Drone  
  53  3:57  Queen  
  53  4:02  Queen  
  57  4:06  Spore Crawler  
  57  4:07  Drone  
  57  4:13  Spore Crawler  
  57  4:17  Drone  
  55  4:19  Drone x3  
  55  4:22  Lair  
  58  4:30  Overlord  
  58  4:33  Overlord  
  58  4:38  Drone x2  
  58  4:39  Overlord  
  58  4:42  Overlord  
  58  4:45  Pneumatized Carapace  
  58  4:46  Extractor x2  
  58  4:50  Drone x2  
  58  4:52  Drone x2  
  60  4:53  Drone  
  60  4:59  Drone x3  
  64  5:06  Zergling x10  
  69  5:11  Zergling x6  
  72  5:16  Spore Crawler  
  72  5:17  Zergling x6  
  74  5:33  Zergling x20  
  75  5:39  Zergling x4  
  77  5:48  Nydus Network  
  77  5:49  Zergling x8  
  80  5:53  Zergling x2  
  81  6:04  Overlord x3  
  81  6:10  Overlord  
  81  6:12  Overlord  
  77  6:24  Zergling x4, Nydus Canal  
  77  6:25  Zergling x16  
  84  6:26  Queen  
  84  6:32  Zergling x2  
  87  6:34  Baneling Nest  
  87  6:35  Zergling x2  
  87  6:37  Zergling x2  
  86  6:52  Zergling x14  
  89  6:58  Spine Crawler x2  
  89  6:59  Spine Crawler  
  79  7:02  Zergling x6  
  79  7:07  Overseer  
  77  7:09  Evolution Chamber  
  77  7:10  Zergling x4  
  77  7:15  Zergling x2  
  78  7:21  Zergling x2  
  78  7:26  Zergling x2  
  78  7:27  Zergling x2  
  76  7:30  Drone  
  76  7:31  Drone  
  76  7:35  Zerg Melee Weapons Level 1  
  76  7:36  Drone  
  76  7:37  Infestation Pit  
  72  7:38  Drone x2  
  72  7:39  Drone x2  
  72  7:40  Drone  
  77  7:47  Drone  
  78  7:52  Drone x2  
  78  7:57  Hydralisk Den  
  79  7:59  Drone  
  79  8:02  Drone  
  79  8:03  Drone  
  79  8:05  Hatchery  
  78  8:07  Drone  
  78  8:08  Drone x2  
  78  8:11  Drone x3  
  84  8:21  Drone x2  
  84  8:23  Drone  
  87  8:27  Grooved Spines  
  87  8:31  Drone x2, Extractor  
  87  8:32  Drone x3, Extractor  
  90  8:42  Hydralisk  
  90  8:43  Hydralisk x2  
  90  8:44  Hydralisk x5  
  106  8:50  Drone x2  
  106  8:53  Hydralisk, Hive, Lurker Den  
  106  8:54  Hydralisk x2, Extractor  
  113  8:57  Zergling x2  
  113  9:00  Hydralisk  
  115  9:02  Hydralisk  
  115  9:08  Hydralisk  
  118  9:12  Zergling x6  
  118  9:14  Overlord x2  
  118  9:16  Overlord x2  
  120  9:17  Muscular Augments  
  120  9:23  Overlord x2  
  117  9:26  Zergling x8  
  117  9:30  Hydralisk  
  114  9:33  Hydralisk  
  114  9:35  Hydralisk  
  118  9:38  Hydralisk  
  118  9:39  Hydralisk x2  
  118  9:41  Zergling x4  
  118  9:43  Zergling x4  
  128  9:47  Zerg Missile Weapons Level 1  
  128  9:48  Hydralisk  
  128  9:50  Hydralisk  
  132  9:53  Zergling x4  
  132  9:56  Zergling x2  
  132  9:58  Zergling x2  
  136  10:01  Zergling x2  
  136  10:05  Hydralisk x3  
  144  10:07  Zergling x2  
  144  10:10  Seismic Spines  
  144  10:22  Hatchery  
  144  10:24  Zergling x6  
  144  10:26  Zergling x2  
  147  10:28  Zergling x2  
  147  10:29  Zergling x4  
  147  10:32  Zergling x4  
  147  10:33  Zergling x2  
  153  10:37  Lurker x3  
  153  10:38  Lurker  
  153  10:39  Lurker  
  153  10:42  Zergling x4  
  160  10:43  Zergling x2  
  160  10:44  Zergling x2  
  160  10:47  Lurker  
  160  10:48  Zergling x2  
  164  10:50  Zergling x2  
  164  10:54  Zergling x2  
  164  10:55  Zergling x8  
  170  10:59  Overlord x2  
  170  11:03  Nydus Canal, Overlord  
  166  11:07  Hydralisk, Adaptive Talons  
  166  11:08  Hydralisk  
  155  11:13  Lurker x2  
  155  11:14  Drone x2  
  155  11:15  Drone  
  155  11:17  Drone x2  
  161  11:19  Drone  
  161  11:21  Drone  
  163  11:25  Drone x2  
  163  11:30  Drone x2  
  167  11:34  Extractor  
  167  11:36  Extractor  
  161  11:44  Lurker x3, Overseer  
  161  11:46  Drone  
  157  11:52  Lurker x4  
  157  11:54  Zergling x18  
  170  11:55  Drone x4  
  169  12:09  Hydralisk  
  169  12:12  Hydralisk x2  
  152  12:16  Hydralisk x2  
  152  12:21  Hydralisk x3  
  152  12:22  Hydralisk  
  157  12:25  Lurker  
  157  12:29  Drone x2  
  155  12:30  Drone x2  
  155  12:34  Zerg Missile Weapons Level 2  
  156  12:37  Drone x4  
  156  12:38  Drone x3  
  156  12:39  Drone  
  156  12:40  Drone x2  
  156  12:41  Lurker  
  156  12:51  Lurker x2  
  156  12:52  Drone  
  156  12:53  Drone x4  
  156  12:56  Extractor, Drone  
  162  13:12  Lurker x4  
  157  13:15  Queen x3  
  157  13:18  Drone x3  
  166  13:22  Evolution Chamber  
  166  13:23  Hatchery  
  166  13:24  Lurker x2  
  166  13:31  Spore Crawler  
  165  13:43  Viper x2  
  165  13:46  Hydralisk x2  
  165  13:47  Hatchery  
  174  13:53  Queen x3  
  180  13:56  Zerg Ground Armor Level 1  
  180  14:07  Viper  
  183  14:10  Hydralisk x4  
  183  14:16  Spore Crawler  
  183  14:17  Spore Crawler x2  
  191  14:22  Drone x2  
  192  14:32  Drone x2  
  192  14:35  Hatchery  
  192  14:37  Spore Crawler x2  
  192  14:38  Spore Crawler  
  184  14:56  Spore Crawler  
  184  14:58  Lurker x10  
  193  15:04  Spore Crawler x2  
  190  15:25  Hydralisk x5  
  190  15:27  Spore Crawler  
  199  15:29  Spore Crawler  
  199  15:30  Overseer  
  199  15:31  Overseer x3  
  198  15:53  Hatchery  
  198  15:55  Hydralisk x7  
  196  16:01  Hydralisk x8  
  196  16:02  Hydralisk  
  194  16:16  Hydralisk  
  194  16:17  Hydralisk x2  
  194  16:18  Hydralisk x3  
  182  16:39  Hydralisk x2  
  182  16:40  Hydralisk x2  
  182  16:41  Hydralisk x2  
  194  16:47  Hydralisk x3  
  200  17:00  Nydus Canal  
Show
View Real Time Build Order
Export as new Build Order

ShoWTimE Protoss - Winner!

Build Orders: 1 Gate Expand, Oracle Opening 

Get SALT Encoding   

  12  0:00  Probe  
  13  0:12  Probe  
  14  0:20  Pylon  
  14  0:24  Probe  
  15  0:38  Probe (Chrono Boost)  
  15  0:41  Gateway  
  16  0:48  Probe (Chrono Boost)  
  17  0:50  Assimilator  
  17  0:53  Probe (Chrono Boost)  
  19  1:04  Probe  
  19  1:16  Probe  
  20  1:26  Nexus  
  20  1:35  Cybernetics Core  
  20  1:38  Probe  
  21  1:43  Assimilator  
  21  1:50  Probe  
  21  1:53  Pylon  
  22  2:02  Probe  
  23  2:08  Adept (Chrono Boost)  
  23  2:14  Probe  
  26  2:24  Stargate  
  26  2:29  Adept (Chrono Boost), Probe  
  27  2:36  Warp Gate  
  29  2:39  Probe (Chrono Boost)  
  31  2:46  Probe (Chrono Boost)  
  31  2:50  Probe (Chrono Boost)  
  32  2:51  Adept  
  32  2:54  Probe x2 (Chrono Boost)  
  36  2:58  Pylon  
  36  3:05  Probe x2  
  38  3:07  Oracle (Chrono Boost)  
  41  3:17  Probe x2  
  43  3:21  Adept  
  43  3:25  Gateway  
  45  3:29  Probe x2  
  45  3:33  Pylon  
  47  3:38  Oracle (Chrono Boost)  
  47  3:41  Probe x2  
  52  3:53  Probe x2  
  54  4:00  Nexus  
  54  4:03  Pylon  
  54  4:05  Probe x2  
  54  4:07  Oracle (Chrono Boost)  
  59  4:17  Probe x2  
  59  4:20  Assimilator  
  59  4:22  Assimilator  
  61  4:26  Stalker  
  61  4:27  Stalker  
  61  4:30  Probe  
  66  4:33  Pylon, Probe  
  67  4:42  Probe  
  67  4:45  Probe  
  69  4:54  Probe, Twilight Council, Forge  
  69  4:55  Adept x2  
  69  4:57  Probe  
  75  5:06  Probe  
  76  5:08  Gateway  
  76  5:09  Probe  
  76  5:10  Protoss Ground Weapons Level 1  
  76  5:11  Gateway  
  76  5:13  Probe  
  78  5:14  Shield Battery  
  78  5:18  Probe  
  79  5:21  Probe  
  79  5:24  Stalker x2  
  79  5:25  Probe  
  85  5:30  Probe  
  85  5:35  Blink (Chrono Boost)  
  80  5:36  Photon Cannon  
  80  5:40  Shield Battery  
  74  5:45  Photon Cannon  
  74  5:48  Stalker x2  
  78  5:53  Photon Cannon, Probe  
  78  5:55  Probe x2  
  81  6:02  Stalker  
  83  6:05  Probe  
  83  6:07  Probe  
  83  6:08  Stalker  
  87  6:11  Probe, Pylon  
  87  6:14  Stalker  
  87  6:15  Shield Battery  
  90  6:20  Stalker  
  90  6:24  Shield Battery  
  92  6:26  Photon Cannon, Probe  
  92  6:28  Pylon  
  92  6:29  Pylon  
  93  6:35  Shield Battery  
  93  6:37  Pylon  
  93  6:39  Photon Cannon  
  93  6:48  Stalker x4  
  101  6:56  Shield Battery  
  101  6:57  Probe  
  101  6:58  Probe x2  
  102  7:05  Charge (Chrono Boost)  
  102  7:08  Pylon  
  100  7:10  Probe  
  100  7:12  Stalker x4  
  108  7:16  Probe x2  
  108  7:19  Assimilator, Pylon  
  108  7:21  Assimilator  
  110  7:25  Probe  
  111  7:33  Protoss Ground Weapons Level 2 (Chrono Boost)  
  111  7:36  Gateway, Stalker x3  
  115  7:37  Gateway  
  115  7:39  Probe  
  116  7:54  Gateway  
  116  7:56  Templar Archives  
  116  7:57  Gateway  
  116  8:01  Pylon  
  113  8:06  Zealot x4  
  113  8:12  Nexus  
  121  8:18  Pylon  
  121  8:22  Photon Cannon  
  121  8:24  Shield Battery, Pylon  
  121  8:26  Stalker  
  123  8:27  Pylon  
  123  8:30  Zealot x3  
  129  8:34  Robotics Facility  
  129  8:37  Zealot x2  
  133  8:45  Psionic Storm, Probe x2  
  135  8:50  Zealot x2  
  135  8:53  Zealot x2  
  143  9:03  Robotics Facility, Probe x2  
  143  9:05  Zealot x2  
  143  9:06  Zealot  
  143  9:08  Probe  
  152  9:14  Zealot x3  
  152  9:15  Probe  
  158  9:17  Probe  
  158  9:20  Probe  
  159  9:25  Zealot x3  
  159  9:27  Probe  
  152  9:32  Observer (Chrono Boost)  
  152  9:33  High Templar x2  
  152  9:34  Protoss Ground Weapons Level 3 (Chrono Boost)  
  152  9:35  Probe  
  152  9:36  Probe  
  159  9:41  High Templar  
  159  9:43  Assimilator  
  161  9:47  High Templar x3, Assimilator  
  161  9:49  Immortal (Chrono Boost)  
  171  9:54  Immortal (Chrono Boost)  
  175  10:01  Photon Cannon  
  175  10:12  Pylon  
  175  10:14  Pylon  
  175  10:15  Pylon  
  175  10:16  Photon Cannon  
  175  10:17  Photon Cannon  
  175  10:18  Shield Battery  
  175  10:25  Photon Cannon, Immortal (Chrono Boost)  
  175  10:26  Shield Battery  
  175  10:27  Immortal (Chrono Boost)  
  179  10:29  Pylon  
  179  10:34  High Templar x2  
  179  10:35  High Templar x2  
  191  10:39  Archon x2  
  191  10:40  Stalker  
  191  10:41  Photon Cannon  
  193  10:44  High Templar x2  
  193  10:49  Archon  
  197  10:52  Forge  
  197  10:55  Zealot  
  199  11:01  Pylon  
  197  11:10  Zealot x4  
  197  11:11  Zealot  
  185  11:12  Immortal  
  185  11:13  Immortal  
  185  11:16  Nexus  
  193  11:24  High Templar x3  
  199  11:30  Gateway, Photon Cannon  
  199  11:32  Gateway, Photon Cannon  
  199  11:33  Shield Battery  
  191  11:48  Protoss Shields Level 1 (Chrono Boost)  
  191  11:56  Fleet Beacon  
  191  11:58  Stargate  
  191  12:01  Stargate x2  
  191  12:14  High Templar, Zealot  
  191  12:15  Zealot x4  
  182  12:16  Immortal x2 (Chrono Boost)  
  176  12:24  Archon  
  176  12:25  Zealot x2  
  177  12:30  Protoss Ground Armor Level 1 (Chrono Boost)  
  175  12:39  Zealot x4  
  169  12:51  Immortal x2 (Chrono Boost)  
  169  12:56  Pylon  
  169  12:57  High Templar x4, Photon Cannon  
  181  13:05  Zealot x6  
  193  13:10  Carrier (Chrono Boost)  
  193  13:12  Assimilator  
  193  13:15  Warp Prism (Chrono Boost)  
  193  13:16  Observer  
  193  13:19  Protoss Air Weapons Level 1 (Chrono Boost)  
  200  13:30  Photon Cannon  
  200  13:31  Photon Cannon  
  200  13:33  Photon Cannon  
  200  13:40  Nexus  
  200  13:41  Pylon  
  200  13:43  Photon Cannon  
  200  13:44  Photon Cannon  
  200  13:45  Photon Cannon  
  200  13:46  Photon Cannon  
  200  13:48  Photon Cannon  
  198  13:50  Shield Battery  
  198  13:51  Shield Battery  
  198  13:53  Pylon  
  188  14:00  Carrier (Chrono Boost)  
  194  14:02  Carrier (Chrono Boost)  
  194  14:09  Carrier (Chrono Boost)  
  198  14:12  Assimilator  
  198  14:19  Photon Cannon  
  198  14:22  Shield Battery  
  198  14:25  Photon Cannon, Pylon  
  198  14:26  Photon Cannon  
  198  14:27  Photon Cannon  
  198  14:29  Photon Cannon  
  196  14:34  Protoss Shields Level 2 (Chrono Boost), Protoss Ground Armor Level 2 (Chrono Boost)  
  196  14:56  Oracle  
  196  14:57  Assimilator  
  196  14:58  Assimilator  
  196  15:01  Gateway  
  196  15:04  Gateway  
  196  15:07  Observer, Warp Prism  
  196  15:12  Gateway  
  197  15:16  Gateway  
  197  15:20  Gateway  
  197  15:22  Gateway  
  197  15:25  Gateway  
  197  15:29  Gateway  
  197  15:38  Pylon  
  197  15:43  Pylon  
  195  15:51  Observer  
  195  15:54  Zealot x2  
  193  16:02  Carrier (Chrono Boost)  
  195  16:28  Nexus  
  195  16:30  Pylon  
  191  16:39  Cybernetics Core  
  189  16:42  Zealot, Oracle (Chrono Boost)  
  189  16:43  Zealot x4  
  195  17:09  Zealot x2  
  195  17:15  Zealot x2  
  184  17:16  Zealot x9  

Tags
 
Add a new tag
Caveats
  • Supply blocks, unpowered buildings, or Contaminate may cause inaccurate times.
  • Supply counts are checked every 10 seconds.